 Dungeon Crawl Stone Soup version 0.18.1-48-g4cf74bf (webtiles) character file.

21 lorenzova the Sneak (level 2, -2/13 HPs)
             Began as a Spriggan Enchanter on July 23, 2016.
             Slain by a goblin
             ... wielding a +0 dagger
             ... led by Robin
              (5 damage)
             ... on level 2 of the Dungeon.
             The game lasted 00:01:03 (1032 turns).

lorenzova the Sneak (Spriggan Enchanter)            Turns: 1032, Time: 00:01:03

Health: -2/13      AC:  3    Str:  4    XL:     2   Next: 65%
Magic:  7/7        EV: 18    Int: 16    God:
Gold:   54         SH:  0    Dex: 16    Spells: 2 memorised, 4 levels left

rFire  . . .     SeeInvis +     a - +1 dagger
rCold  . . .     Gourm    .     b - +1 robe
rNeg   . . .     Faith    .     (shield restricted)
rPois  .         Spirit   .     (helmet restricted)
rElec  .         Dismiss  .     (no cloak)
rCorr  .         Reflect  .     (gloves unavailable)
SustAt .         Harm     .     (boots unavailable)
MR     .....                    (no amulet)
Stlth  +++.......               (no ring)
                                (no ring)

@: very quick, not resistant to hostile enchantments, fairly stealthy
A: unfitting armour, see invisible, herbivore 3, speed 3, slow metabolism 2
a: no special abilities


You were on level 2 of the Dungeon.
You were not hungry.

You visited 1 branch of the dungeon, and saw 2 of its levels.

You collected 54 gold pieces.

Inventory:

Hand Weapons
 a - a +1 dagger (weapon)
Armour
 b - a +1 robe (worn)
Scrolls
 e - a scroll of remove curse {unknown}
 f - 2 scrolls of identify {unknown}
 h - 2 scrolls of enchant armour {unknown}
Potions
 g - a potion of mutation {unknown}
Books
 c - a book of Maledictions

   Spells                             Type                      Level
   a - Corona                         Hexes                        1
   b - Ensorcelled Hibernation        Hexes/Ice                    2
   c - Confuse                        Hexes                        3
   d - Tukima's Dance                 Hexes                        3
   e - Dazzling Spray                 Conjuration/Hexes            3
Comestibles
 d - a bread ration


   Skills:
 - Level 1.1 Short Blades
 - Level 3.0 Dodging
 + Level 4.6 Stealth
 * Level 3.3 Spellcasting
 * Level 4.2 Hexes


You had 4 spell levels left.
You knew the following spells:

 Your Spells              Type           Power        Failure   Level  Hunger
a - Corona                Hex            ###....      3%          1    None
b - Ensorcelled Hibernat  Hex/Ice        #.....       14%         2    ##.....


Dungeon Overview and Level Annotations

Branches:
Dungeon (2/15)

Altars:

Annotations:
D:2 Robin


Innate Abilities, Weirdness & Mutations

You are tiny and cannot use many weapons and most armour.
You have supernaturally acute eyesight.
You are a herbivore.
You cover ground extremely quickly.
You need consume almost no food.


Message History

The goblin completely misses you.
You hit the goblin.
You kill the goblin!
The goblin hits you but does no damage. Robin throws the goblin at you!
* * * LOW HITPOINT WARNING * * *
Things that are here:
a club; a scroll labeled OSEC NIGGESILE; a goblin corpse You hit the goblin.
You kill the goblin!
The goblin barely misses you.
Items here: ( )) † a club; a hunting sling; 12 stones; a goblin corpse Robin throws the goblin at you!
You miss the goblin. The goblin hits you but does no damage.
Robin throws the goblin at you! The goblin closely misses you.
You hit the goblin but do no damage.
The goblin no longer looks unusually strong.
The goblin hits you with a dagger.
You die...

#.#
#....).....#######
#.# #.#######.##
#.# #.# #<#
#.###.## #.#
#.##.#.##
##.########
#...###.#
#..........
####.#.##
#.######### ##.##
#g# #.# #@#
######.### #g#
#(.......# #g#
#.####.#.# #.# #.#
#.#.# #)# ###
##### #g#


ggg #.. #### You could see Robin, 3 hobgoblins and 3 goblins.

Vanquished Creatures
  A giant gecko (D:1)
  A ball python (D:1)
  2 bats (D:1)
  A giant cockroach (D:1)
  4 goblins
  A hobgoblin (D:1)
  2 jackals (D:1)
  3 kobolds
  2 rats (D:1)
17 creatures vanquished.

Notes
Turn   | Place    | Note
--------------------------------------------------------------
     0 | D:1      | lorenzova the Spriggan Enchanter began the quest for the Orb.
     0 | D:1      | Reached XP level 1. HP: 9/9 MP: 5/5
   414 | D:1      | Reached XP level 2. HP: 13/13 MP: 7/7
   422 | D:1      | Learned a level 2 spell: Ensorcelled Hibernation
  1016 | D:2      | Noticed Robin
  1032 | D:2      | Slain by a goblin

Skill      XL: |  1 |
---------------+----+-----
Hexes          | 4 |  4.2
Spellcasting   | 3 |  3.3
Short Blades   | |  1.1
Dodging        | |  3.0
Stealth        | |  4.6

Action                   || total
-------------------------++-------
Melee: Dagger            ||    47
 Stab: Sleeping          ||    11
Armor: Robe              ||     9
Dodge: Dodged            ||    33
